 Dungeon Crawl Stone Soup version 0.25-b1-23-ge2ad7d536c (webtiles) character file.

Game seed: 3524853322220552347, levelgen mode: deterministic

107 Hugehornet the Chopper (level 4, 0/28 HPs)
             Began as a Gargoyle Fighter on June 3, 2020.
             Killed from afar by Terence (5 damage)
             ... with a puff of flame
             ... on level 3 of the Dungeon.
             The game lasted 00:03:44 (2116 turns).

Hugehornet the Chopper (Gargoyle Fighter)           Turns: 2116, Time: 00:03:45

Health: 0/28       AC: 13    Str: 19    XL:     4   Next: 85%
Magic:  4/4        EV:  7    Int: 10    God:
Gold:   117        SH: 10    Dex:  9    Spells: 3/3 levels left

rFire    . . .     SeeInvis .   a - +0 war axe
rCold    . . .     Gourm    .   c - +1 kite shield
rNeg     + . .     Faith    .   b - +0 scale mail
rPois    ∞         Spirit   .   m - +0 helmet
rElec    +         Reflect  .   n - +0 cloak
rCorr    .         Harm     .   (no gloves)
MR       .....                  o - +0 pair of boots
Stlth    ..........             (no amulet)
HPRegen  0.09/turn              (no ring)
MPRegen  0.09/turn              (no ring)

@: mighty
A: negative energy resistance 1, electricity resistance, unbreathing,
petrification resistance, rot immunity, AC +3
a: no special abilities


You were on level 3 of the Dungeon.
You were not hungry.

You visited 1 branch of the dungeon, and saw 3 of its levels.

You collected 117 gold pieces.

Inventory:

Hand Weapons
 a - a +0 war axe (weapon)
Armour
 b - a +0 scale mail (worn)
 c - a +1 kite shield (worn)
 m - a +0 helmet (worn)
 n - a +0 cloak (worn)
 o - a +0 pair of boots (worn)
Scrolls
 e - 3 scrolls of enchant armour
 h - 4 scrolls of magic mapping
 l - a scroll of blinking
 p - a scroll of identify {unknown}
 r - a scroll of fear {unknown}
Potions
 d - a potion of might
 i - a potion of lignification {unknown}
 k - a potion of degeneration {unknown}
 q - a potion of invisibility {unknown}
Comestibles
 f - 7 rations


   Skills:
 - Level 3.2 Fighting
 + Level 4.4 Axes
 - Level 3.2 Armour
 - Level 3.2 Shields


You had 3 spell levels left.
You didn't know any spells.
Your spell library was empty.

Dungeon Overview and Level Annotations

Branches:
Dungeon (3/15)

Altars:

Annotations:
D:3 Terence


Innate Abilities, Weirdness & Mutations

You are resistant to torment.
Your stone body is resilient. (AC +3)
You are immune to poison.
You resist negative energy. (rN+)
You are resistant to electric shocks. (rElec)
You can survive without breathing.
You are immune to petrification.
You are immune to rotting.


Message History

Terence hits you with a +0 flail.
* * * LOW HITPOINT WARNING * * *
Terence zaps a wand.
The puff of flame hits you.
* * * LOW HITPOINT WARNING * * *
You barely miss Terence.
Terence is lightly wounded.
You block Terence's attack.
You feel very mighty all of a sudden.
Terence zaps a wand.
The puff of flame hits you but does no damage.
You closely miss Terence.
Terence is lightly wounded.
Terence barely misses you.
You barely miss Terence.
Terence is lightly wounded.
Terence hits you but does no damage.
You slash Terence!
Terence is heavily wounded.
Terence zaps a wand.
The puff of flame hits you.
You die...

,,***,****,,*,,,,,*,** **,,,,*
#.,*,,,,,...# *,***,*
##.,,,,,,,#..# ,**
*,###...*,,,,*#..# ,*
*,,.....**,,**#..#
,****,**#...#,*** #..#
,,,,,,..##>#.## #..#
**,,,,........#####..############
*,,,,.<.#...lS@@.....÷)........#
**,,***>,###..#################.#
**,,**,,,......,,,....#########.#
**,,*,*,#.##..##****#............
,,,,,,,..,,....,,* ##########...
,,,,,,..**..#.#*,* #...#
**,,,,.,,....!#*,* #..#.
**,*,**#..####*,* #.#.#
*,**,*,*,* *,* #.*#*


You could see Terence, an adder and a leopard gecko.

Vanquished Creatures
  3 adders
  3 oozes
  A dart slug (D:2)
  3 leopard geckos
  An orc (D:3)
  5 bats
  2 giant cockroaches (D:3)
  5 goblins
  6 hobgoblins
  6 jackals (D:1)
  2 quokkas (D:2)
  A frilled lizard (D:1)
  13 kobolds
  7 rats
58 creatures vanquished.

Notes
Turn   | Place    | Note
-------+----------+-------------------------------------------
     0 | D:1      | Hugehornet the Gargoyle Fighter began the quest for the
                  | Orb.
     0 | D:1      | Reached XP level 1. HP: 14/14 MP: 1/1
    24 | D:1      | Reached skill level 2 in Axes
   143 | D:1      | Reached XP level 2. HP: 15/19 MP: 2/2
   545 | D:1      | Reached skill level 3 in Axes
   562 | D:1      | Reached XP level 3. HP: 23/23 MP: 3/3
  1372 | D:2      | Reached XP level 4. HP: 28/28 MP: 4/4
  1486 | D:2      | Reached skill level 4 in Axes
  2099 | D:3      | Noticed Terence
  2116 | D:3      | Killed from afar by Terence

Illustrated notes

Levels and vault maps discovered:
D:1:      dpeg_arrival_long_road, layout_basic
D:2:      layout_basic, hangedman_decor_peaks_small, minmay_misc_feat_five
D:3:      layout_loops_ring, first_ration, patterned_corridor, uniq_terence

Skill      XL: |  1  2  3  4 |
---------------+-------------+-----
Axes           | 2 3 4 |  4.4
Fighting       | |  3.2
Armour         | |  3.2
Shields        | |  3.2

Action                   |  1- 3 |  4- 6 || total
-------------------------+-------+-------++-------
Melee: War axe           |   124 |    71 ||   195
  Use: Scroll            |       |     5 ||     5
       Potion            |       |     1 ||     1
  Eat: Chunk             |     2 |     2 ||     4
Armor: Scale mail        |    90 |    49 ||   139
Dodge: Dodged            |    58 |    23 ||    81
Block: Kite shield       |    67 |    44 ||   111
